 Dungeon Crawl Stone Soup version 0.19.1 (webtiles) character file.

115 Firecrotchwizard the Digger (level 5, -1/28 HPs)
             Began as a Gargoyle Earth Elementalist on Dec 12, 2016.
             Slain by a gnoll
             ... wielding a +3 flail
              (8 damage)
             ... on level 3 of the Dungeon.
             The game lasted 00:09:22 (3172 turns).

Firecrotchwizard the Digger (GrEE)                  Turns: 3172, Time: 00:09:23

Health: -1/28      AC:  6    Str: 11    XL:     5   Next: 0%
Magic:  2/8        EV: 12    Int: 17    God:
Gold:   142        SH:  0    Dex: 10    Spells: 2 memorised, 4 levels left

rFire  . . .     SeeInvis .     g - +0 dagger (speed)
rCold  . . .     Gourm    .     c - +0 robe
rNeg   + . .     Faith    .     (no shield)
rPois  ∞         Spirit   .     (no helmet)
rElec  +         Reflect  .     (no cloak)
rCorr  .         Harm     .     (no gloves)
MR     .....                    (no boots)
Stlth  ++........               (no amulet)
                                (no ring)
                                (no ring)

@: very slightly contaminated
A: negative energy resistance 1, electricity resistance, unbreathing,
petrification resistance, rot immunity, AC +4
a: no special abilities


You were on level 3 of the Dungeon.
You were not hungry.

You visited 1 branch of the dungeon, and saw 3 of its levels.

You collected 142 gold pieces.

Inventory:

Hand Weapons
 g - a +0 dagger of speed (weapon)
Missiles
 b - 73 stones (quivered)
Armour
 c - a +0 robe (worn)
Scrolls
 h - a scroll of blinking {unknown}
 i - 4 scrolls of identify {unknown}
 k - a scroll of random uselessness {unknown}
 m - a scroll of magic mapping {unknown}
 r - a scroll of fear {unknown}
 s - a scroll of remove curse {unknown}
Potions
 a - a potion of lignification {unknown}
 f - 2 potions of heal wounds {unknown}
 j - a potion of curing {unknown}
 n - a potion of might {unknown}
 q - a potion of cancellation {unknown}
Books
 e - a book of Geomancy

   Spells                             Type                      Level
   a - Sandblast                      Earth                        1
   b - Passwall                       Transmutation/Earth          2
   c - Stone Arrow                    Conjuration/Earth            3
   d - Petrify                        Transmutation/Earth          4
   e - Lee's Rapid Deconstruction     Earth                        5
 o - a book of Maledictions

   Spells                             Type                      Level
   a - Corona                         Hexes                        1
   b - Ensorcelled Hibernation        Hexes/Ice                    2
   c - Confuse                        Hexes                        3
   d - Tukima's Dance                 Hexes                        3
   e - Dazzling Spray                 Conjuration/Hexes            3
Comestibles
 d - a bread ration
 l - a beef jerky
 p - a chunk of flesh


   Skills:
 + Level 2.3 Dodging
 - Level 2.1 Stealth
 + Level 2.4 Spellcasting
 + Level 0.2 Conjurations
   Level 0.7 Transmutations
 * Level 5.6 Earth Magic


You had 4 spell levels left.
You knew the following spells:

 Your Spells              Type           Power        Failure   Level  Hunger
a - Sandblast             Erth           ###...       1%          1    #......
b - Stone Arrow           Conj/Erth      ##....       17%         3    ###....


Dungeon Overview and Level Annotations

Branches:
Dungeon (3/15)

Altars:
Xom


Innate Abilities, Weirdness & Mutations

You are resistant to torment.
Your stone body is resilient. (AC +4)
You are immune to poison.
You resist negative energy. (rN+)
You are resistant to electric shocks. (rElec)
You can survive without breathing.
You are immune to petrification.
You are immune to rotting.


Message History

Casting: Sandblast
Confirm with . or Enter, or press ? or * to list all spells.
Aiming: Sandblast
Press: ? - help, Shift-Dir - straight line, f/p - orc priest
Aim: an orc priest, wielding a mace of draining and wearing a chain mail The blast of sand hits the orc priest.
The orc priest is lightly wounded.
The orc priest mumbles some strange prayers to Beogh against you.
Beogh smites you!
* * * LOW HITPOINT WARNING * * *
Casting: Sandblast
Confirm with . or Enter, or press ? or * to list all spells.
Aiming: Sandblast
Press: ? - help, Shift-Dir - straight line, f/p - orc priest
Aim: an orc priest, wielding a mace of draining and wearing a chain mail (lightly wounded)
The blast of sand hits the orc priest.
The orc priest is lightly wounded.
The orc barely misses you. x2; The orc priest misses you.
The gnoll hits you with an enchanted flail!
You die...

#.......#... .## #.......#...
###..###.......#...
g≈.......#.....##.......#...
≈≈.......#.g...##.......####
.........#.....###..#####
≈≈......##.....###..#
g≈.......#oog..#....#
#####.......#.@o..#.#.##
............#.....#.#+#######
....####+#..(................
..........#######.##.........
..............# #..#.........
..........###.####.#.(.......
..........#..[...............
..........#.#.#####.#+#####..
?...#######.#.. #.# #


You could see an orc priest, 2 gnolls and 2 orcs.

Vanquished Creatures
  Terence (D:2)
  2 adders (D:2)
  An ooze (D:2)
  2 worms (D:2)
  3 dart slugs
  4 leopard geckos
  An orc (D:3)
  A bat (D:1)
  3 giant cockroaches (D:1)
  6 goblins
  5 hobgoblins
  2 jackals (D:1)
  5 kobolds
  A quokka (D:2)
  A ball python (D:3)
  5 frilled lizards
  9 rats
52 creatures vanquished.

Notes
Turn   | Place    | Note
-------+----------+-------------------------------------------
     0 | D:1      | Firecrotchwizard the Gargoyle Earth Elementalist began the quest for the Orb.
     0 | D:1      | Reached XP level 1. HP: 10/10 MP: 3/3
   474 | D:1      | Reached skill level 4 in Earth Magic
   474 | D:1      | Reached XP level 2. HP: 10/15 MP: 1/5
  1051 | D:1      | Reached XP level 3. HP: 8/19 MP: 6/6
  1250 | D:1      | Learned a level 3 spell: Stone Arrow
  1742 | D:2      | Found a faded altar of an unknown god.
  2059 | D:2      | Noticed Terence
  2061 | D:2      | Reached skill level 5 in Earth Magic
  2101 | D:2      | Killed Terence
  2101 | D:2      | Reached XP level 4. HP: 8/24 MP: 0/7
  2740 | D:2      | Found a shimmering altar of Xom.
  3168 | D:3      | Reached XP level 5. HP: 20/28 MP: 6/8
  3172 | D:3      | Slain by a gnoll

Skill      XL: |  1  2  3 |
---------------+----------+-----
Earth Magic    | 4 5 |  5.6
Dodging        | 2 |  2.3
Stealth        | |  2.1
Spellcasting   | |  2.4
Conjurations   | |  0.2
Transmutations | |  0.7

Action                   |  1- 3 |  4- 6 || total
-------------------------+-------+-------++-------
Melee: Unarmed           |    14 |       ||    14
       Dagger            |   104 |    31 ||   135
 Cast: Sandblast         |    63 |    16 ||    79
       Stone Arrow       |       |     1 ||     1
 Stab: Sleeping          |     1 |     2 ||     3
  Eat: Chunk             |     4 |     4 ||     8
Armor: Robe              |    36 |    10 ||    46
Dodge: Dodged            |    83 |    19 ||   102
